 Dungeon Crawl Stone Soup version 0.30-a0-808-g6e07883 (webtiles) character file.

Game seed: 16400872689442504330

588759 Dega the Merry Spriggan (level 26, 0/144 (147) HPs)
             Began as a Spriggan Hunter on Feb 25, 2023.
             Was the Champion of Dithmenos.
             Slain by a caustic shrike (28 damage)
             ... in the Vestibule of Hell.
             The game lasted 01:43:45 (49867 turns).

Dega the Merry Spriggan (Spriggan Hunter)          Turns: 49867, Time: 01:43:45

HP:   0/144 (147)   AC: 13    Str: 14 (15) XL:     26   Next: 15%
MP:   33/33         EV: 58    Int: 17 (25) God:    Dithmenos [******]
Gold: 7941          SH: 11    Dex: 29 (37) Spells: 25/25 levels left

rFire   + + +      SeeInvis +    G - +10 hand crossbow of Pyromania {penet, MP+9 Str+3 Dex+4}
rCold   + + .      Faith    .    U - +1 buckler of the Imp {-Tele rElec rC+}
rNeg    . . .      Spirit   .    d - +1 steam dragon scales of Absence {*Corrode rPois Dex+6 Slay+2}
rPois   +          Reflect  .    F - +2 hat
rElec   +          Harm     .    M - +1 cloak of Starlight {*Dazzle EV+4 Stlth--}
rCorr   .          Rampage  .    (gloves unavailable)
Will    ++++.      NoTele   +    (boots unavailable) Stlth *******+++
                                 x - amulet "Uzacse" {Fly rF++ Regen+ Int+3}
HPRegen 1.24/turn                O - ring "Ajosil" {Str+6 Int+2 Slay+3 Stlth+}
MPRegen 0.23/turn                T - ring "Tasaeck" {Contam rElec rF+ rC+ Int+3}

@: flying, wreathed by umbra, studying 2 skills, lightly drained, very quick
A: very small, no large weapons, unfitting armour, see invisible, speed 3,
iridescent scales 1, clever 1
}: 3/15 runes: serpentine, barnacled, silver
a: Renounce Religion, Shadow Step, Shadow Form


You were in the Vestibule of Hell.
You worshipped Dithmenos.
Dithmenos was exalted by your worship.
You visited 13 branches of the dungeon, and saw 57 of its levels.
You visited 1 bazaar.
You also visited: Sewer and Bailey.

You collected 8669 gold pieces.
You spent 728 gold pieces at shops.

Inventory:

Hand Weapons
 G - the +10 hand crossbow of Pyromania (weapon) {penet, MP+9 Str+3 Dex+4}
   (You acquired it on level 2 of the Lair of Beasts)

   Str:       It affects your strength (+3).
   Dex:       It affects your dexterity (+4).
   MP:        It affects your magic capacity (+9).
Missiles
 y - 7 throwing nets
Armour
 d - the +1 steam dragon scales of Absence (worn) {*Corrode rPois Dex+6 Slay+2}
   (You acquired it on level 5 of the Dungeon)

   Dex:       It affects your dexterity (+6).
   Slay:      It affects your accuracy & damage with ranged weapons and melee
   (+2).
   rPois:     It protects you from poison.
   *Corrode:  It may corrode you when you take damage.
 j - a scarf of resistance
 m - the +0 cloak of Grace {rC+++ Will- Int-2 SInv}
   (You acquired it on level 5 of the Vaults)

   Int:       It affects your intelligence (-2).
   rC:        It renders you almost immune to cold.
   SInv:      It lets you see invisible.
   Will:      It decreases your willpower.
 F - a +2 hat (worn)
 M - the +1 cloak of Starlight (worn) {*Dazzle EV+4 Stlth--}
   (You acquired it on level 4 of the Snake Pit)

   *Dazzle:   It may blind those who miss an attack against the wearer in melee
   combat.
   EV:        It affects your evasion (+4).
   Stlth:     It makes you much less stealthy.
 U - the +1 buckler of the Imp (worn) {-Tele rElec rC+}
   (You acquired it on level 4 of the Depths)

   rC:        It protects you from cold.
   rElec:     It insulates you from electricity.
   -Tele:     It prevents most forms of teleportation.
Jewellery
 c - a ring of poison resistance
 l - the amulet "Woonoti" {RegenMP Fragile Regen+ Dex+2}
   (You took it off a hell knight on level 1 of the Depths)

   [amulet of magic regeneration]

   It increases your rate of magic regeneration.
   Dex:       It affects your dexterity (+2).
   Regen:     It increases your rate of health regeneration.
   Fragile:   It will be destroyed if unequipped.
 x - the amulet "Uzacse" (around neck) {Fly rF++ Regen+ Int+3}
   (You acquired it on level 9 of the Dungeon)

   [amulet of regeneration]

   Int:       It affects your intelligence (+3).
   rF:        It greatly protects you from fire.
   Fly:       It grants you flight.
   Regen:     It increases your rate of health regeneration.
 C - a ring of ice
 O - the ring "Ajosil" (left hand) {Str+6 Int+2 Slay+3 Stlth+}
   (You found it on level 1 of the Elven Halls)

   [ring of strength]

   Str:       It affects your strength (+6).
   Int:       It affects your intelligence (+2).
   Slay:      It affects your accuracy & damage with ranged weapons and melee
   (+3).
   Stlth:     It makes you more stealthy.
 S - the ring "Zugunly" {rC+ rN+ Will++ Str-5 Int+3}
   (You took it off a vault warden on level 5 of the Vaults)

   [ring of positive energy]

   Str:       It affects your strength (-5).
   Int:       It affects your intelligence (+3).
   rC:        It protects you from cold.
   rN:        It protects you from negative energy.
   Will:      It greatly increases your willpower.
 T - the ring "Tasaeck" (right hand) {Contam rElec rF+ rC+ Int+3}
   (You found it on level 15 of the Dungeon)

   [ring of protection from fire]

   Int:       It affects your intelligence (+3).
   rF:        It protects you from fire.
   rC:        It protects you from cold.
   rElec:     It insulates you from electricity.
   Contam:    It causes magical contamination when unequipped.
 W - the ring of the Trout {Fly rF+ Dex+3}
   (You found it on level 3 of the Elven Halls)

   [ring of flight]

   Dex:       It affects your dexterity (+3).
   rF:        It protects you from fire.
   Fly:       It grants you flight.
 X - a +4 ring of slaying
Wands
 a - a wand of iceblast (29)
 t - a wand of charming (26)
 w - a wand of mindburst (37)
 H - a wand of polymorph (2)
 L - a wand of flame (66)
 R - a wand of digging (7)
 Y - a wand of acid (14)
Scrolls
 h - 9 scrolls of fear
 n - 2 scrolls of silence
 r - 29 scrolls of teleportation
 v - 6 scrolls of poison
 z - 8 scrolls of enchant armour
 B - 8 scrolls of fog
 E - 8 scrolls of magic mapping
 J - 16 scrolls of blinking
 K - 6 scrolls of amnesia
 N - 9 scrolls of enchant weapon
 P - 3 scrolls of brand weapon
 Q - 46 scrolls of identify
Potions
 b - 12 potions of cancellation
 e - 4 potions of invisibility
 f - 14 potions of heal wounds
 g - 31 potions of curing
 i - 9 potions of mutation
 k - 8 potions of haste
 o - 8 potions of brilliance
 p - 7 potions of flight
 q - 9 potions of might
 s - 2 potions of magic
 u - 9 potions of ambrosia
 I - 4 potions of resistance
Miscellaneous
 A - the horn of Geryon


   Skills:
 + Level 18.2 Fighting
 O Level 27 Ranged Weapons
 - Level 6.9 Armour
 O Level 27 Dodging
 + Level 24.7 Stealth
 + Level 17.1 Shields


You had 25 spell levels left.
You didn't know any spells.
Your spell library contained the following spells:

 Spells                   Type           Power      Damage    Failure   Level
 Apportation              Tloc           0%         N/A       30%         1
 Kiss of Death            Conj/Necr      0%         2d5       30%         1
 Necrotise                Necr           0%         1d4       30%         1
 Shock                    Conj/Air       0%         1d3       30%         1
 Sting                    Tmut/Pois      0%         1d3       30%         1
 Summon Small Mammal      Summ           0%         N/A       30%         1
 Blink                    Tloc           0%         N/A       43%         2
 Cigotuvi's Dreadful Rot  Necr/Pois/Air  0%         N/A       43%         2
 Ensorcelled Hibernation  Hex/Ice        0%         N/A       43%         2
 Lesser Beckoning         Tloc           0%         N/A       43%         2
 Momentum Strike          Conj/Tloc      0%         3d8       43%         2
 Passwall                 Tmut/Erth      0%         N/A       43%         2
 Poisonous Vapours        Pois/Air       0%         N/A       43%         2
 Call Canine Familiar     Summ           0%         N/A       67%         3
 Confusing Touch          Hex            0%         N/A       67%         3
 Dazzling Flash           Conj/Hex       0%         N/A       67%         3
 Gell's Gravitas          Tloc           0%         N/A       67%         3
 Hailstorm                Conj/Ice       0%         3d3       67%         3
 Kindle Blastsparks       Fire/Tloc/Air  0%         2d10      67%         3
 Ozocubu's Armour         Ice            0%         N/A       67%         3
 Portal Projectile        Hex/Tloc       0%         N/A       67%         3
 Spider Form              Tmut/Pois      0%         N/A       67%         3
 Summon Guardian Golem    Hex/Summ       0%         N/A       67%         3
 Swiftness                Air            0%         N/A       67%         3
 Teleport Other           Tloc           0%         N/A       67%         3
 Tukima's Dance           Hex            0%         N/A       67%         3
 Vampiric Draining        Necr           0%         2d6       67%         3
 Vhi's Electric Charge    Tloc/Air       0%         N/A       67%         3
 Airstrike                Air            0%         2d(0-16)  97%         4
 Anguish                  Hex/Necr       0%         N/A       97%         4
 Animate Dead             Necr           0%         N/A       97%         4
 Dispel Undead            Necr           0%         3d6       97%         4
 Fulminant Prism          Conj/Hex       0%         3d5       97%         4
 Ice Form                 Ice/Tmut       0%         N/A       97%         4
 Iskenderun's Mystic Bla  Conj/Tloc      0%         2d3       97%         4
 Leda's Liquefaction      Hex/Erth       0%         N/A       97%         4
 Olgreb's Toxic Radiance  Pois           0%         N/A       97%         4
 Passage of Golubria      Tloc           0%         N/A       97%         4
 Petrify                  Tmut/Erth      0%         N/A       97%         4
 Summon Ice Beast         Ice/Summ       0%         N/A       97%         4
 Summon Lightning Spire   Summ/Air       0%         N/A       97%         4
 Agony                    Necr           0%         N/A       100%        5
 Alistair's Intoxication  Tmut/Pois      0%         N/A       100%        5
 Arcjolt                  Conj/Air       0%         1d10      100%        5
 Borgnjor's Vile Clutch   Necr/Erth      0%         N/A       100%        5
 Fireball                 Conj/Fire      0%         3d3       100%        5
 Iskenderun's Battlesphe  Conj           0%         2d6       100%        5
 Lee's Rapid Deconstruct  Erth           0%         3d4*      100%        5
 Lightning Bolt           Conj/Air       0%         1d11      100%        5
 Metabolic Englaciation   Hex/Ice        0%         N/A       100%        5
 Silence                  Hex/Air        0%         N/A       100%        5
 Summon Mana Viper        Hex/Summ       0%         N/A       100%        5
 Yara's Violent Unravell  Hex/Tmut       0%         3d3       100%        5
 Conjure Ball Lightning   Conj/Air       0%         3x3d6     100%        6
 Death Channel            Necr           0%         N/A       100%        6
 Dispersal                Tloc           0%         N/A       100%        6
 Eringya's Noxious Bog    Tmut/Pois      0%         N/A       100%        6
 Iron Shot                Conj/Erth      0%         9d1       100%        6
 Simulacrum               Ice/Necr       0%         N/A       100%        6
 Starburst                Conj/Fire      0%         6d3       100%        6
 Statue Form              Tmut/Erth      0%         N/A       100%        6
 Enfeeble                 Hex            0%         N/A       100%        7
 Haunt                    Necr/Summ      0%         N/A       100%        7
 Monstrous Menagerie      Summ           0%         N/A       100%        7
 Orb of Destruction       Conj           0%         9d5       100%        7
 Ozocubu's Refrigeration  Ice            0%         4d7       100%        7
 Spellforged Servitor     Conj/Summ      0%         N/A       100%        7
 Summon Hydra             Summ           0%         N/A       100%        7
 Infestation              Necr           0%         N/A       100%        8
 Lehudib's Crystal Spear  Conj/Erth      0%         10d2      100%        8
 Maxwell's Capacitive Co  Air            0%         ∞         100%        8
 Summon Horrible Things   Summ           0%         N/A       100%        8


Dungeon Overview and Level Annotations

Branches:
Dungeon (15/15)            Temple (0/1) D:5            Lair (5/5) D:10
 Shoals (4/4) Lair:3        Snake (4/4) Lair:2        Slime (0/5) Lair:5
    Orc (2/2) D:9             Elf (3/3) Orc:2        Vaults (5/5) D:13
  Crypt (3/3) Vaults:3       Tomb (0/3) Crypt:3      Depths (4/4) D:15
   Hell (1/1)                 Dis (2/7) Hell            Geh (6/7) Hell
    Coc (3/7) Hell            Tar (0/7) Hell            Zot (0/5) Depths:4
  Sewer (visited)          Bailey (visited)

Altars:
Dithmenos
Elyvilon
Hepliaklqana
Kikubaaqudgha
Nemelex Xobeh
Okawaru
Qazlal
Ru
Sif Muna
Uskayaw
Vehumet
Xom
Yredelemnul
Jiyva

Shops:
D:1 :   D:4 *   Orc:1 *   Orc:2 ?*([   Elf:1 *[   Elf:2 [   Elf:3 [
Shoals:2 *   Snake:2 ?   Vaults:1 (   Vaults:3 [[   Vaults:4 :!(?
Vaults:5 !!???   Depths:1 [!

Portals:
Hell: Depths:1 Depths:2 Depths:3 Depths:4
Abyss: Crypt:3 Depths:3
Pandemonium: Depths:2
Ziggurat: Depths:1

Annotations:
D:4 Ubbricas's ghost, amateur OpAE
D:5 Blork the orc
Elf:1 1 runed translucent door
Crypt:1 Saint Roka
Depths:3 exclusion: orange crystal statue


Innate Abilities, Weirdness & Mutations

You are very small and have problems with some larger weapons.
You are too small for most types of armour.
You have supernaturally acute eyesight. (SInv)
You cover ground extremely quickly. (Speed+++)
You are partially covered in iridescent scales. (AC +2)
Your mind is acute. (Int +4, Str/Dex -1)


Message History

The caustic shrike completely misses you.
There is an open door here.
The caustic shrike attacks as you move away!
The caustic shrike completely misses you.
The caustic shrike claws you!!
You are splashed with acid!
The caustic shrike screeches!
The caustic shrike attacks as you move away!
The caustic shrike claws you!!
* * * LOW HITPOINT WARNING * * *
You emit a cloud of dark smoke.
You are splashed with acid!
* * * LOW HITPOINT WARNING * * *
You are too injured to fight recklessly!
You are no longer corroded.
There is a gateway leading out of Dis here.
You block the caustic shrike's attack.
The caustic shrike completely misses you.
You fly up through the gate.
Welcome back to the Vestibule of Hell!
There is a gateway to the Iron City of Dis here.
Unknown command.
You shoot a bolt.
The bolt barely misses the caustic shrike.
Your shadow shoots a bolt.
The bolt closely misses the caustic shrike.
The caustic shrike completely misses you. x2
You shoot a bolt.
The bolt pierces through the caustic shrike but does no damage.
The caustic shrike is lightly wounded.
The caustic shrike completely misses you.
You block the caustic shrike's attack.
Unknown command.
You shoot a bolt.
The bolt barely misses the caustic shrike.
Your shadow shoots a bolt.
The bolt hits the caustic shrike!
You block the caustic shrike's attack.
The caustic shrike completely misses you. x2
You shoot a bolt.
The bolt pierces through the caustic shrike.
The caustic shrike is lightly wounded.
You block the caustic shrike's attack. The caustic shrike claws you!!
You die...

##.###.#.#.#.##
##.#.#.#.#.#.#.##
##.###.#.#.#.###.##
##.#.#.#.#.#.#.#.#.#
#.#.#.#.#.#.#.#.#.##
##.#.#######.#.#.##
##.#.#.#.#.#.#.#.#
##.#.#b#.#.#.#.##
##.#.#@#.#.#.##
##.#.#.#.#.##
##.#.#.#.##
#########


You could see a caustic shrike.

Vanquished Creatures
  A dread lich (Vaults:5)
  2 ancient liches (Vaults:5)
  Mara (Elf:3)
  2 juggernauts
  The ghost of Zagymauczo the Slayer, a veteran MiBe of Trog (Depths:1)
  3 shard shrikes
  4 caustic shrikes
  The ghost of Plog the Slayer, a veteran DsAK of Lugonu (Depths:3)
  Xtahua (Vaults:2)
  Geryon (Hell)
  6 golden dragons
  Jory (Vaults:2)
  A profane servitor (Crypt:3)
  A bone dragon (Crypt:3)
  2 doom hounds (Depths:1)
  6 Brimstone Fiends
  5 tentacled monstrosities
  2 Hell Sentinels
  An Ice Fiend (Coc:2)
  7 hellephants
  2 deep elf blademasters (Elf:3)
  A quicksilver dragon (Vaults:5)
  6 titans
  2 walking earthen tomes
  2 deep elf master archers (Elf:3)
  3 liches
  10 searing wretches
  7 storm dragons
  5 sphinxes
  Frances (D:13)
  13 ancient champions
  6 shadow dragons
  Kirke (D:14)
  Agnes (D:14)
  5 revenants
  13 tengu reavers
  3 narguns
  22 fire giants
  2 nagarajas (Snake:4)
  An emperor scorpion (D:15)
  12 balrugs
  A draconian scorcher (Depths:4)
  A quicksilver elemental (Dis:2)
  5 iron dragons
  A caustic shrike zombie (Crypt:1)
  10 frost giants
  7 deep elf sorcerers
  An orc warlord (Orc:2)
  15 vault wardens
  5 ghouls
  A curse skull (Crypt:3)
  A draconian annihilator (Depths:4)
  2 spriggan defenders
  The ghost of Ubbricas the Covert, an adept VSBr of Uskayaw (Depths:2)
  3 deep elf elementalists
  17 ironbound preservers
  5 war gargoyles
  9 very ugly things
  15 stone giants
  8 ironbound thunderhulks
  6 reapers
  Nessos (D:13)
  9 vampire knights
  2 black draconians (Depths:4)
  7 deep elf demonologists
  A lorocyproca (Depths:1)
  7 dire elephants
  2 pale draconians (Depths:4)
  7 elemental wellsprings
  2 red draconians (Depths:4)
  2 wendigos
  6 spark wasps
  2 yellow draconians (Depths:4)
  9 deep elf annihilators
  9 eidola
  13 ettins
  18 deep elf death magi
  9 fire dragons
  7 merfolk javelineers
  3 iron golems
  4 blizzard demons
  A crystal guardian (Hell)
  12 jiangshi
  10 merfolk impalers
  2 mummy priests (Crypt:3)
  Josephine (D:13)
  8 yaktaur captains
  3 deep elf high priests
  The ghost of Dega the Crack Shot, a journeyman SpHu of Hepliaklqana (D:13)
  6 great orbs of eyes
  2 entropy weavers
  A fenstrider witch zombie (Crypt:1)
  A peacekeeper (Vaults:1)
  A rakshasa (Depths:2)
  42 vault guards
  A quicksilver dragon skeleton (Crypt:1)
  A catoblepas (Lair:5)
  9 salamander tyrants
  4 spriggan air magi
  10 hydras
  8 boulder beetles
  8 ice dragons
  4 merfolk avatars
  10 anacondas
  3 stokers (Geh:2)
  18 centaur warriors
  A spriggan skeleton (Crypt:1)
  An alligator snapping turtle (Shoals:3)
  2 caustic shrike simulacra
  8 merfolk aquamancers (Shoals:4)
  An ogre mage (D:14)
  3 satyrs
  7 two-headed ogres
  7 ironbound frosthearts
  4 deep troll shamans
  29 dancing weapons
  12 death yaks
  15 naga warriors
  8 deep troll earth magi
  8 vampire magi
  9 tengu warriors
  8 shock serpents
  2 spriggan berserkers
  A spriggan (Depths:2)
  24 hell hogs
  8 hell knights
  An orc high priest (Orc:2)
  23 naga sharpshooters
  Urug (Lair:2)
  22 deep elf knights
  6 soul eaters
  18 sun demons
  2 crystal echidnas
  11 skeletal warriors
  7 iron trolls
  3 shadow wraiths (Crypt:3)
  4 skysharks
  9 sea snakes
  7 salamander mystics
  A spark wasp zombie (Crypt:3)
  A glowing orange brain (Depths:1)
  Lodul (D:13)
  23 slime creatures
  6 flayed ghosts
  A shadow dragon zombie (Crypt:2)
  A swamp dragon (shapeshifter) (Vaults:5)
  57 deep trolls
  5 orange crystal statues
  19 ironbound convokers
  9 wizards
  15 deep elf archers
  3 spriggan simulacra
  2 bog bodies (Crypt:1)
  Pikel (D:6)
  32 deep elf zephyrmancers
  2 harpies (shapeshifter) (Elf:1)
  7 naga ritualists
  9 lindwurms
  15 harpies
  11 phantasmal warriors
  5 orc sorcerers
  8 mana vipers
  50 deep elf pyromancers
  42 ugly things
  A wolf spider (Lair:5)
  11 necromancers
  4 orc knights
  15 fauns
  An oklob plant (Shoals:3)
  5 cyclopes
  11 manticores
  23 salamanders
  A tengu skeleton (Vaults:2)
  A salamander (shapeshifter) (Depths:3)
  A rust devil (Crypt:3)
  An eye of devastation (shapeshifter) (Vaults:5)
  5 guardian serpents
  An eye of devastation (Lair:5)
  9 merfolk sirens
  5 elephants (Lair:5)
  2 black mambas (shapeshifter)
  51 black mambas
  A naga zombie (Crypt:1)
  8 water nymphs
  22 naga magi
  A titan simulacrum (Coc:2)
  An alligator snapping turtle zombie (Crypt:1)
  A cane toad (shapeshifter) (Vaults:5)
  A torpor snail (Lair:3)
  23 vault sentinels
  4 molten gargoyles
  8 smoke demons
  A storm dragon simulacrum (Coc:1)
  2 purple draconian zombies
  12 cane toads
  A gargoyle (D:10)
  An orange demon (Crypt:3)
  6 komodo dragons
  2 efreet (D:13)
  A shock serpent skeleton (Crypt:2)
  A dire elephant skeleton (Crypt:3)
  A sea snake zombie (Hell)
  A yellow draconian zombie (Crypt:1)
  A rime drake (shapeshifter) (Depths:3)
  9 rime drakes (Lair:3)
  5 tengu conjurers
  3 tormentors
  A komodo dragon (shapeshifter) (Depths:3)
  18 yaktaurs
  2 yaktaur zombies
  2 hellions
  6 freezing wraiths
  2 yaktaurs (shapeshifter)
  A red devil (Hell)
  3 guardian mummies (Crypt:3)
  6 trolls
  2 anaconda simulacra
  A harpy zombie (Crypt:1)
  2 hydra zombies (Hell)
  2 ice devils (Depths:1)
  A troll (shapeshifter) (D:13)
  4 polar bears
  10 wind drakes
  30 merfolk
  Grinder (D:3)
  2 harpy skeletons
  4 hornets
  8 snapping turtles
  An alligator zombie (Hell)
  12 dream sheep
  2 tarantellas (shapeshifter)
  26 blink frogs
  2 hydra skeletons (Hell)
  Sigmund (D:3)
  2 centaur simulacra
  A slime creature (shapeshifter) (Depths:3)
  A culicivora (shapeshifter) (D:13)
  3 air elementals
  29 water elementals
  An ettin skeleton (Crypt:2)
  7 flying skulls
  An alligator skeleton (Hell)
  10 wraiths
  Eustachio (D:5)
  2 fire bats (Depths:2)
  A dire elephant simulacrum (Coc:2)
  An ushabti (Crypt:3)
  18 wyverns
  An ice dragon skeleton (Crypt:1)
  3 fire elementals
  4 basilisks
  64 yaks
  A hog (shapeshifter) (Depths:3)
  7 hogs (D:14)
  5 steam dragons
  A redback (Lair:5)
  8 vampire mosquitoes
  5 wargs
  A sea snake simulacrum (Hell)
  41 nagas
  Edmund (D:4)
  7 harpy simulacra
  An ogre zombie (Vaults:1)
  19 water moccasins
  3 acid dragons (Depths:4)
  A hydra simulacrum (Coc:1)
  2 floating eyes
  Duvessa (D:7)
  2 floating eyes (shapeshifter)
  4 hell hounds
  A hornet zombie (Vaults:1)
  A swamp drake (Lair:1)
  5 ettin simulacra
  An ice beast (D:6)
  2 sky beasts (D:7)
  3 black bears
  A merfolk skeleton (Crypt:2)
  45 orc warriors
  A manticore zombie (Crypt:2)
  A snapping turtle zombie (Crypt:3)
  An alligator simulacrum (Hell)
  4 boggarts (Vaults:2)
  15 ogres
  14 centaurs
  8 wolves
  3 lemures (D:6)
  2 phantoms (D:5)
  A komodo dragon zombie (Crypt:2)
  5 kobold brigands
  10 bullfrogs
  5 gnoll sergeants
  2 human skeletons
  A necrophage (D:4)
  5 scorpions
  An earth elemental (Elf:2)
  A naga simulacrum (Coc:1)
  8 wights (D:8)
  A yak zombie (Crypt:3)
  Dowan (D:7)
  16 killer bees
  A troll skeleton (Crypt:1)
  6 howler monkeys
  7 electric eels
  A crimson imp (D:15)
  2 centaur zombies (Crypt:3)
  A black bear zombie (Crypt:3)
  A jelly (D:6)
  A bullfrog skeleton (Crypt:1)
  A gnoll bouda (D:7)
  23 orc priests
  3 hounds
  Crazy Yiuf (D:5)
  6 iron imps (Crypt:3)
  A boggart zombie (Crypt:3)
  2 iguanas
  16 orc wizards
  10 hell rats
  2 naga skeletons (Crypt:1)
  24 gnolls
  4 river rats
  13 adders
  3 shadow imps
  4 white imps
  An ufetubus (D:5)
  An adder zombie (D:4)
  3 worms
  5 dart slugs
  114 orcs
  A bat zombie (Crypt:3)
  6 endoplasms
  7 giant cockroaches
  15 goblins
  2 hobgoblins (D:1)
  2 jackals (D:5)
  9 quokkas
  12 ball pythons
  3 bats
  9 frilled lizards
  20 kobolds
  An orc skeleton (Crypt:3)
  A quokka skeleton (Crypt:3)
  A quokka zombie (D:4)
  7 rats
  5 creeping infernos
  23 fire vortices
2389 creatures vanquished.

Vanquished Creatures (others)
  A shard shrike (Coc:2)
  2 fire giants
  A wendigo (Coc:1)
  2 caustic shrike simulacra
  A juggernaut simulacrum (Coc:2)
  2 stokers (Geh:2)
  A deep elf knight (Vaults:5)
  An orc knight (Vaults:5)
  A hellion (Coc:2)
  A bunyip simulacrum (Coc:1)
  A water elemental (Shoals:4)
  A harpy simulacrum (Coc:3)
  A naga simulacrum (Coc:3)
  A bush (D:13)
  40 fungi
  176 plants
233 creatures vanquished.

Grand Total: 2622 creatures vanquished

Notes
Turn   | Place    | Note
-------+----------+-------------------------------------------
     0 | D:1      | Dega the Spriggan Hunter began the quest for the Orb.
     0 | D:1      | Reached XP level 1. HP: 10/10 MP: 2/2
    66 | D:1      | Reached XP level 2. HP: 14/14 MP: 3/3
   152 | D:1      | Found Cinoefew's Book Emporium.
   481 | D:1      | Reached skill level 5 in Ranged Weapons
   484 | D:1      | Reached XP level 3. HP: 18/18 MP: 4/4
   683 | D:1      | Found a faded altar of an unknown god.
  1268 | D:2      | Reached XP level 4. HP: 22/22 MP: 5/5
  1642 | D:3      | Noticed Sigmund
  1650 | D:3      | Killed Sigmund
  1651 | D:3      | Reached XP level 5. HP: 6/25 MP: 6/6
  1830 | D:3      | Reached XP level 6. HP: 30/30 MP: 7/7
  1973 | D:3      | Noticed Grinder
  1984 | D:3      | Killed Grinder
  2195 | D:3      | Reached XP level 7. HP: 33/33 MP: 8/8
  2214 | D:3      | Found a glowing drain.
  2218 | Sewer    | Entered a sewer
  3216 | D:4      | Found a runed translucent gate.
  3216 | D:4      | Found a runed translucent gate.
  3216 | D:4      | Found a runed translucent gate.
  3216 | D:4      | Noticed Ubbricas's ghost (amateur OpAE)
  3218 | D:4      | Found a basalt altar of Yredelemnul.
  3295 | D:4      | Reached skill level 10 in Ranged Weapons
  3439 | D:4      | Found Oxafol's General Store.
  3442 | D:4      | Noticed Edmund
  3446 | D:4      | Killed Edmund
  3447 | D:4      | Reached XP level 8. HP: 37/37 MP: 9/9
  4002 | D:5      | Entered Level 5 of the Dungeon
  4107 | D:5      | Found a shadowy altar of Dithmenos.
  4112 | D:5      | Noticed Eustachio
  4119 | D:5      | Noticed Blork the orc
  4124 | D:5      | Killed Eustachio
  4323 | D:5      | Became a worshipper of Dithmenos the Shadowed
  4453 | D:5      | Found an ancient bone altar of Kikubaaqudgha.
  4455 | D:5      | Found a shimmering blue altar of Sif Muna.
  4458 | D:5      | Found a radiant altar of Vehumet.
  4463 | D:5      | Got Sif Muna's Textbook on the Excursion
  4500 | D:5      | Identified a scroll of acquirement
  4500 | D:5      | Acquired the +1 steam dragon scales of Absence {*Corrode
                  | rPois Dex+6 Slay+2}
  4547 | D:5      | Found a staircase to the Ecumenical Temple.
  4586 | D:5      | Found a runed translucent door.
  4587 | D:5      | Noticed Crazy Yiuf
  4595 | D:5      | Killed Crazy Yiuf
  4663 | D:5      | Found a sacrificial altar of Ru.
  4737 | D:5      | Reached XP level 9. HP: 41/41 MP: 10/10
  4843 | D:6      | Noticed Pikel
  4855 | D:6      | Killed Pikel
  5098 | D:6      | Reached * piety under Dithmenos
  5335 | D:6      | Reached XP level 10. HP: 35/46 MP: 11/11
  5643 | D:7      | Reached skill level 15 in Ranged Weapons
  6036 | D:7      | Noticed Duvessa
  6039 | D:7      | Noticed Dowan
  6040 | D:7      | Killed Duvessa
  6041 | D:7      | Killed Dowan
  6149 | D:7      | Found an iron altar of Okawaru.
  6444 | D:8      | Reached ** piety under Dithmenos
  6823 | D:8      | Found a hazy altar of Hepliaklqana.
  6823 | D:8      | Found a hide-covered altar of Uskayaw.
  6939 | D:9      | Found a staircase to the Orcish Mines.
  7170 | D:9      | Acquired the amulet "Uzacse" {Fly rF++ Regen+ Int+3}
  7259 | D:9      | Found a stormy altar of Qazlal.
  7267 | D:9      | Found a flagged portal.
  7278 | D:9      | Reached *** piety under Dithmenos
  7282 | Bailey   | Entered a bailey
  7498 | Bailey   | Reached XP level 11. HP: 49/49 MP: 12/12
  7500 | Bailey   | Identified the +1 triple sword "Berif" {drain, rElec rPois}
  7634 | D:9      | Reached **** piety under Dithmenos
  8148 | D:10     | Entered Level 10 of the Dungeon
  8193 | D:10     | Noticed an orange crystal statue
  8197 | D:10     | Killed an orange crystal statue
  8229 | D:10     | Found a white marble altar of Elyvilon.
  8303 | D:10     | Found a staircase to the Lair.
  8516 | D:10     | Noticed a two-headed ogre
  8521 | D:10     | Killed a two-headed ogre
  8522 | D:10     | Reached skill level 5 in Dodging
  8565 | D:10     | Noticed a two-headed ogre
  8572 | D:10     | Killed a two-headed ogre
  8847 | D:10     | Noticed a two-headed ogre
  8852 | D:10     | Killed a two-headed ogre
  8937 | D:11     | Noticed a red ugly thing
  8947 | D:11     | Killed a red ugly thing
  8987 | D:11     | Identified the +2 helmet of Morality {rCorr MP+9}
  9037 | D:11     | Noticed a boulder beetle
  9049 | D:11     | Killed a boulder beetle
  9259 | D:11     | Reached ***** piety under Dithmenos
  9260 | D:11     | Reached XP level 12. HP: 53/53 MP: 13/13
  9353 | D:11     | Reached skill level 10 in Dodging
  9494 | Lair:1   | Entered Level 1 of the Lair of Beasts
 10330 | Lair:2   | Acquired the +10 hand crossbow of Pyromania {penet, MP+9
                  | Str+3 Dex+4}
 10416 | Lair:2   | Found a staircase to the Snake Pit.
 10563 | Lair:2   | Gained mutation: Your mind is acute. (Int +4, Str/Dex -1)
                  | [potion of mutation]
 10563 | Lair:2   | Gained mutation: You are partially covered in iridescent
                  | scales. (AC +2) [potion of mutation]
 10567 | Lair:2   | Noticed a four-headed hydra
 10569 | Lair:2   | Killed a four-headed hydra
 10617 | Lair:2   | Noticed Urug
 10622 | Lair:2   | Killed Urug
 10713 | Lair:3   | Reached skill level 1 in Armour
 10736 | Lair:3   | Noticed a four-headed hydra
 10739 | Lair:3   | Killed a four-headed hydra
 10875 | Lair:3   | Noticed a seven-headed hydra
 10887 | Lair:3   | Killed a seven-headed hydra
 10979 | Lair:3   | Noticed a seven-headed hydra
 10986 | Lair:3   | Killed a seven-headed hydra
 10987 | Lair:3   | Reached skill level 15 in Dodging
 10989 | Lair:3   | Found a staircase to the Shoals.
 11018 | Lair:3   | Reached XP level 13. HP: 60/60 MP: 14/14
 11355 | Lair:3   | Reached skill level 5 in Armour
 11369 | Lair:3   | Reached ****** piety under Dithmenos
 11680 | Lair:4   | Reached skill level 5 in Fighting
 12414 | Lair:4   | Reached skill level 1 in Shields
 13096 | Lair:5   | Entered Level 5 of the Lair of Beasts
 13162 | Lair:5   | Reached XP level 14. HP: 68/68 MP: 15/15
 13256 | Lair:5   | Reached skill level 5 in Shields
 13776 | Lair:5   | Found a viscous altar of Jiyva.
 14028 | Lair:5   | Found a staircase to the Slime Pits.
 14556 | Orc:1    | Entered Level 1 of the Orcish Mines
 14663 | Orc:1    | Found Pamefos's Assorted Antiques.
 14981 | Orc:2    | Entered Level 2 of the Orcish Mines
 15157 | Orc:2    | Noticed an orc warlord
 15189 | Orc:2    | Killed an orc warlord
 15239 | Orc:2    | Found a staircase to the Elven Halls.
 15540 | Orc:2    | Found Siomig's Antique Armour Boutique.
 15542 | Orc:2    | Found Pilij's Antique Weapon Shop.
 15707 | Orc:2    | Reached XP level 15. HP: 73/73 MP: 16/16
 15799 | Orc:2    | Found Qucyf's Assorted Antiques.
 15860 | Orc:2    | Found Muytetha's Magic Scroll Shop.
 15868 | Orc:2    | Bought a scroll of acquirement for 728 gold pieces
 15868 | Orc:2    | Acquired 1258 gold pieces
 15964 | Elf:1    | Entered Level 1 of the Elven Halls
 15964 | Elf:1    | Noticed a deep elf sorcerer
 15964 | Elf:1    | Noticed a deep elf sorcerer
 15964 | Elf:1    | Found a runed translucent gate.
 15964 | Elf:1    | Found a runed translucent gate.
 15964 | Elf:1    | Found a runed translucent gate.
 15964 | Elf:1    | Found a runed translucent gate.
 15964 | Elf:1    | Found a runed translucent gate.
 15964 | Elf:1    | Found a runed translucent gate.
 15965 | Elf:1    | Found a runed translucent door.
 16099 | Elf:1    | Found a runed translucent door.
 16105 | Orc:2    | Killed a deep elf sorcerer
 16113 | Elf:1    | Killed a deep elf sorcerer
 16118 | Elf:1    | Identified the ring "Ajosil" {Str+6 Int+2 Slay+3 Stlth+}
 16294 | Elf:1    | Found Ledaaboz's Antique Armour Emporium.
 16302 | Elf:1    | Reached skill level 5 in Stealth
 16303 | Elf:1    | Found Paraufre's General Store.
 16365 | Elf:1    | Reached skill level 10 in Shields
 17005 | Elf:1    | Found the +16 obsidian axe {drain, demonic, Mesm Drain Fly
                  | SInv}
 17113 | Elf:2    | Found a runed translucent gate.
 17113 | Elf:2    | Found a runed translucent gate.
 17114 | Elf:2    | Found a runed translucent gate.
 17462 | Elf:2    | Reached XP level 16. HP: 66/79 MP: 17/17
 17549 | Elf:2    | Found Naestiph's Armour Shoppe.
 18281 | Elf:3    | Entered Level 3 of the Elven Halls
 18328 | Elf:3    | Noticed an Ice Fiend
 18457 | Elf:3    | Noticed Mara
 18461 | Elf:3    | Noticed Dega's illusion
 18491 | Elf:3    | Noticed Dega's illusion
 18654 | Elf:3    | Got Patred's Secrets of Assembling
 18845 | Elf:3    | Killed Mara
 18932 | Elf:3    | Found Giluen's Armour Emporium.
 19024 | Elf:3    | Noticed a deep elf blademaster
 19028 | Elf:3    | Noticed a deep elf blademaster
 19033 | Elf:3    | Killed a deep elf blademaster
 19037 | Elf:3    | Reached XP level 17. HP: 68/82 MP: 18/18
 19037 | Elf:3    | Killed a deep elf blademaster
 19042 | Elf:3    | Killed a ghostly deep elf blademaster
 19045 | Elf:3    | Killed a deep elf master archer
 19053 | Elf:3    | Noticed a deep elf master archer
 19054 | Elf:3    | Killed a deep elf master archer
 19239 | Elf:3    | Identified the +2 great sword "Piokler" {heavy, Fly rC+
                  | Stlth+}
 19355 | Elf:3    | Identified the ring of the Trout {Fly rF+ Dex+3}
 19938 | Snake:1  | Entered Level 1 of the Snake Pit
 20469 | Snake:1  | Identified the +5 robe of the Postmodern Tables {Str+3
                  | Int+2}
 20753 | Snake:2  | Found Bikhew's Magic Scroll Shoppe.
 20861 | Snake:2  | You are sucked into a shaft and drop 1 floor!
 21001 | Snake:2  | Reached XP level 18. HP: 73/87 MP: 19/19
 21626 | Snake:3  | Identified the +1 broad axe of Ipne {speed, rPois rC+ Int+5
                  | SInv}
 22391 | Snake:4  | Entered Level 4 of the Snake Pit
 22441 | Snake:4  | Acquired the +1 cloak of Starlight {*Dazzle EV+4 Stlth--}
 22441 | Snake:4  | Found the +1 cloak of Starlight {*Dazzle EV+4 Stlth--}
 22914 | Snake:4  | Got a serpentine rune of Zot
 23456 | Shoals:1 | Entered Level 1 of the Shoals
 23960 | Shoals:1 | Found a frozen archway.
 24449 | Shoals:2 | Reached XP level 19. HP: 95/95 MP: 20/20
 24768 | Shoals:2 | Found Ynimov's Assorted Antiques.
 25459 | Shoals:3 | Found an iron altar of Okawaru.
 25754 | Shoals:4 | Entered Level 4 of the Shoals
 25754 | Shoals:4 | Found a stormy altar of Qazlal.
 26184 | Shoals:4 | Reached skill level 10 in Fighting
 26230 | Shoals:4 | Identified the +5 long sword "Gerchuah" {holy, Int+3}
 26339 | Shoals:4 | Got a barnacled rune of Zot
 27308 | D:13     | Noticed Frances
 27322 | D:13     | Killed Frances
 27336 | D:13     | Found a gate to the Vaults.
 27393 | D:13     | Noticed Lodul
 27395 | D:13     | Killed Lodul
 27448 | D:13     | Found a runed translucent door.
 27448 | D:13     | Found a shimmering altar of Xom.
 27448 | D:13     | Noticed Dega's ghost (journeyman SpHu)
 27558 | D:13     | Noticed Josephine
 27561 | D:13     | Killed Josephine
 27736 | D:13     | Noticed Nessos
 27746 | D:13     | Killed Nessos
 28114 | D:13     | Killed Dega's ghost
 28170 | D:14     | Noticed Kirke
 28199 | D:14     | Killed Kirke
 28236 | D:14     | Reached XP level 20. HP: 103/103 MP: 21/21
 28546 | D:14     | Noticed Agnes
 28549 | D:14     | Killed Agnes
 28587 | D:14     | Found a hide-covered altar of Uskayaw.
 28871 | D:15     | Entered Level 15 of the Dungeon
 29214 | D:15     | Found a gate leading to a gauntlet.
 29245 | D:15     | Identified the ring "Tasaeck" {Contam rElec rF+ rC+ Int+3}
 29503 | D:15     | Found a staircase to the Depths.
 29989 | Depths:1 | Entered Level 1 of the Depths
 30336 | Depths:1 | Found a gateway to Hell.
 30356 | Depths:1 | Found a runed translucent door.
 30359 | Depths:1 | Noticed a juggernaut
 30508 | Depths:1 | Found a one-way gateway to a ziggurat.
 30592 | Depths:1 | Found a runed translucent door.
 30593 | Depths:1 | Noticed Zagymauczo's ghost (veteran MiBe)
 30598 | Depths:1 | Found Iqea's Distillery.
 30603 | Depths:1 | Found Esetis's Antique Armour Shop.
 30809 | Depths:1 | Found a runed translucent door.
 30837 | Depths:1 | Killed a juggernaut
 31011 | Depths:1 | Identified the amulet "Woonoti" {RegenMP Fragile Regen+
                  | Dex+2}
 31011 | Depths:1 | Identified the +3 glaive "Acarine's Death Toll" {venom, rC+
                  | Dex+2}
 31290 | Depths:1 | Killed Zagymauczo's ghost
 31437 | Depths:2 | Found a large runed translucent door.
 31439 | Depths:2 | Found a large runed translucent door.
 31443 | Depths:2 | Noticed Ubbricas's ghost (adept VSBr)
 31547 | Depths:2 | Found a sparkling altar of Nemelex Xobeh.
 31586 | Depths:2 | Noticed a golden dragon
 31587 | Depths:2 | Noticed a caustic shrike
 31591 | Depths:2 | Noticed a golden dragon
 31593 | Depths:2 | Killed a caustic shrike
 31594 | Depths:2 | Reached XP level 21. HP: 110/110 MP: 22/22
 31604 | Depths:2 | Killed a golden dragon
 31610 | Depths:2 | Killed a golden dragon
 31611 | Depths:2 | Reached skill level 27 in Ranged Weapons
 31627 | Depths:2 | Noticed a caustic shrike
 31639 | Depths:2 | Killed a caustic shrike
 31654 | Depths:2 | Found the +5 glaive of the Guard {elec, spectral, AC+5}
 31838 | Depths:2 | HP: 4/111 [spriggan air mage/the air (7)]
 31977 | Depths:2 | Found a one-way gate leading to the halls of Pandemonium.
 32342 | Depths:2 | Found a shimmering altar of Xom.
 32355 | Depths:2 | Identified the +10 plate armour "Laohau" {-Cast Drain Str+7
                  | Dex+2}
 32422 | Depths:2 | Killed Ubbricas's ghost
 32742 | Depths:3 | Found a runed translucent door.
 32931 | Depths:3 | Noticed Plog's ghost (veteran DsAK)
 33455 | Depths:3 | Found a one-way gate to the infinite horrors of the Abyss.
 33666 | Depths:3 | Killed Plog's ghost
 33727 | Depths:4 | Entered Level 4 of the Depths
 33849 | Depths:4 | Noticed a juggernaut
 33859 | Depths:4 | Killed a juggernaut
 33920 | Depths:4 | Noticed a golden dragon
 33926 | Depths:4 | Killed a golden dragon
 33943 | Depths:4 | Acquired the +1 buckler of the Imp {-Tele rElec rC+}
 34192 | Depths:4 | Noticed a golden dragon
 34205 | Depths:4 | Killed a golden dragon
 34206 | Depths:4 | Reached skill level 10 in Stealth
 34240 | Depths:4 | Found a gate to the Realm of Zot.
 34613 | Vaults:1 | Entered Level 1 of the Vaults
 34808 | Vaults:1 | Found Jijoasir's Weapon Emporium.
 34892 | Vaults:1 | Reached XP level 22. HP: 118/118 MP: 23/23
 36145 | Vaults:2 | Noticed Xtahua
 36150 | Vaults:2 | Killed Xtahua
 36315 | Vaults:2 | Noticed Jory
 36329 | Vaults:2 | Killed Jory
 36548 | Vaults:2 | Identified the +6 broad axe "Jath" {freeze, rElec rN++
                  | Int+2 Dex-4}
 37238 | Vaults:3 | Found Kehox's Armour Emporium.
 37721 | Vaults:3 | Reached XP level 23. HP: 93/124 MP: 24/24
 37849 | Vaults:3 | Found a staircase to the Crypt.
 38085 | Vaults:3 | Found Bofeugg's Armour Boutique.
 38093 | Vaults:3 | Found a flickering gateway to a bazaar.
 38118 | Bazaar   | Entered a bazaar
 38118 | Bazaar   | Found Nedut's Magic Scroll Shop.
 38118 | Bazaar   | Found Pit Vum's Jewellery Boutique.
 38118 | Bazaar   | Found Navevoid's Antique Weapon Boutique.
 38118 | Bazaar   | Found Lyexzip's Assorted Antiques.
 38384 | Vaults:4 | Found Nijor's Book Shoppe.
 38417 | Vaults:4 | Found Dofoy's Antique Weapon Shop.
 38458 | Vaults:4 | Reached skill level 15 in Stealth
 38561 | Vaults:4 | Found Gianun's Distillery.
 38707 | Vaults:4 | Found Eskopaf's Magic Scroll Emporium.
 39358 | Vaults:5 | Entered Level 5 of the Vaults
 39704 | Vaults:5 | HP: 3/125 [war gargoyle/spray of metal splinters (41)]
 39959 | Vaults:5 | Found Unesuis's Distillery.
 40058 | Vaults:5 | Identified the ring "Zugunly" {rC+ rN+ Will++ Str-5 Int+3}
 40089 | Vaults:5 | Reached skill level 15 in Fighting
 40173 | Vaults:5 | Found Peextomy's Distillery.
 40173 | Vaults:5 | Found Mock's Magic Scroll Boutique.
 40396 | Vaults:5 | Identified the +2 great sword "Inerph" {pain, rN+}
 40500 | Vaults:5 | Acquired the +0 cloak of Grace {rC+++ Will- Int-2 SInv}
 40505 | Vaults:5 | Noticed an ancient lich
 40511 | Vaults:5 | Killed an ancient lich
 40512 | Vaults:5 | Reached XP level 24. HP: 132/132 MP: 24/24
 40523 | Vaults:5 | Noticed a dread lich
 40529 | Vaults:5 | Killed a dread lich
 40529 | Vaults:5 | Noticed an ancient lich
 40530 | Vaults:5 | Reached skill level 27 in Dodging
 40557 | Vaults:5 | Killed an ancient lich
 40588 | Vaults:5 | Found Agrunana's Magic Scroll Shoppe.
 40632 | Vaults:5 | Identified the +1 trident "Buekhler" {flame, rPois Will+
                  | MP-9}
 40833 | Vaults:5 | Got the Compilation of Disjunct Reformation
 40946 | Vaults:5 | Got a silver rune of Zot
 41101 | Vaults:5 | Identified the +11 hand axe of Cowardice {flame, Str+5}
 41234 | Vaults:5 | Found Musuiv's Magic Scroll Boutique.
 41731 | Hell     | Entered the Vestibule of Hell
 41731 | Hell     | Noticed Geryon
 41960 | Depths:1 | Reached skill level 15 in Shields
 42255 | Hell     | Killed Geryon
 42275 | Hell     | Found a gateway to the decaying netherworld of Tartarus.
 42388 | Hell     | Found a gateway to the freezing wastes of Cocytus.
 42858 | Hell     | Found a gateway to the Iron City of Dis.
 42939 | Hell     | Found a gateway to the ashen valley of Gehenna.
 43004 | Geh:1    | Entered Level 1 of Gehenna
 43982 | Geh:3    | Reached XP level 25. HP: 108/125 MP: 24/24
 44104 | Geh:3    | You are sucked into a shaft and drop 2 floors!
 45513 | Crypt:1  | Entered Level 1 of the Crypt
 45708 | Crypt:1  | Noticed Saint Roka
 47010 | Crypt:3  | Entered Level 3 of the Crypt
 47890 | Crypt:3  | Found a staircase to the Tomb.
 48038 | Crypt:3  | Found a basalt altar of Yredelemnul.
 48041 | Crypt:3  | Found an ancient bone altar of Kikubaaqudgha.
 48077 | Crypt:3  | Found the +6 lightning scales {swift, rElec}
 48130 | Crypt:3  | Found the +6 Majin-Bo {spellvamp, MP+6 Int+6}
 48144 | Crypt:3  | Identified the +2 pair of boots "Qenwerghy" {-Tele Drain
                  | rC++ Slay+6}
 48701 | Coc:1    | Entered Level 1 of Cocytus
 49003 | Coc:2    | Noticed a shard shrike
 49006 | Coc:2    | Noticed a shard shrike
 49008 | Coc:2    | Noticed a shard shrike
 49067 | Hell     | Killed a shard shrike
 49106 | Hell     | Killed a shard shrike
 49143 | Coc:2    | Noticed a shard shrike
 49145 | Coc:2    | Killed a shard shrike
 49161 | Coc:2    | Killed a shard shrike
 49181 | Coc:2    | Reached XP level 26. HP: 34/104 MP: 24/24
 49625 | Dis:1    | Entered Level 1 of the Iron City of Dis
 49867 | Hell     | Slain by a caustic shrike

Illustrated notes

Levels and vault maps discovered:
D:1:      shiori_arrival_oz, layout_loops_ring,
          hellmonk_ecumenical_altar_inner_sanctum, serial_shops,
          nicolae_shop_window_shopping, minmay_lizard_pond
D:2:      layout_basic
D:3:      layout_basic, gup_sewer_entry_spiral, minmay_strange_pillars,
          skrybe_limestone_x, uniq_sigmund, uniq_grinder
D:4:      layout_cave_pools, nicolae_yredelemnul_ghost_church, serial_shops,
          nicolae_shop_statue_plus, uniq_edmund
D:5:      layout_basic, grunt_temple_overflow_magic_moments,
          kennysheep_little_box, mainiacjoe_overflow_chevrons,
          minmay_temple_entry_fiery, uniq_eustachio, uniq_crazy_yiuf_cottage,
          uniq_blork_the_orc
D:6:      layout_basic, uniq_pikel
D:7:      layout_loops_corners, okawaru_gym_becter, hangedman_decor_lopped,
          uniq_duvessa
D:8:      layout_gridville, gammafunk_temple_overflow_pools
D:9:      layout_stronghold, mainiacjoe_overflow_six_doors_small, orc_0_dummy,
          enter_bailey_5
D:10:     minmay_general_purpose_star, layout_basic, general_overflow_altar,
          minivault_15, minmay_misc_feat_enclosed, grunt_ministairs_8,
          kennysheep_diamond
D:11:     layout_rooms
D:12:     layout_basic
D:13:     layout_roguey, david_vaults_5, ebering_ghost_xom, serial_park_tiny_1,
          chequers_serial_rivers_large_b, uniq_nessos, uniq_frances,
          uniq_josephine, uniq_lodul
D:14:     layout_gridville, nicolae_uskayaw_suspiria, uniq_agnes, uniq_kirke
D:15:     hangedman_depths_entry_try_elsewhere_first, layout_small_grid,
          minmay_tree_intersection, gauntlet_entry_generic, lightli_wizard_tower
Lair:1:   layout_chaotic_city, hibernation_bobbens
Lair:2:   layout_big_grid, nicolae_snake_entry_squirm, uniq_urug
Lair:3:   layout_loops_ring, elwin_shoals_entry_rocks, special_room
          [special_room_mythical_zoo]
Lair:4:   layout_layer_cave
Lair:5:   hangedman_lair_tendril_chambers, layout_gridlike,
          minmay_slime_entry_eyes, nicolae_lair_yak_garden
Shoals:1: layout_shoals, portal_ice_cave_entry_pillars_three
Shoals:2: layout_shoals, serial_shops, nicolae_shop_hallway_stairs,
          nicolae_shoals_stone_sculpture_thing
Shoals:3: layout_shoals, lemuel_oklob_altar
Shoals:4: shoals_end_hellmonk_storm_palace [storm_palace_center_square,
          storm_palace_corner_pillars, storm_palace_corner_grid,
          storm_palace_corner_altar, storm_palace_corner_reverse_hut]
Snake:1:  layout_basic
Snake:2:  layout_misc_corridors, serial_shops, shop_fountains,
          nicolae_snake_snakes_in_the_grass
Snake:3:  layout_concentric_octagons
Snake:4:  snake_pit, layout_cave_town
Orc:1:    layout_diamond_mine, serial_shops, shop
Orc:2:    grunt_orc_community_town_hall, layout_caves,
          grunt_orc_community_big_house_1, grunt_orc_community_big_house_1,
          grunt_orc_community_house_1, grunt_orc_community_house_1,
          grunt_orc_community_house_3, grunt_orc_community_house_2,
          grunt_orc_community_house_1
Elf:1:    nicolae_elf_arrival_dilemma, layout_onion_city, evilmike_minifort,
          minmay_shoptagon
Elf:2:    elven_hall_of_blades_hangedman_original
          [nicolae_blade_entry_sentries_behind_glass], layout_gridlike,
          serial_shops, nicolae_stop_n_shop_1, minivault_16
Elf:3:    elf_hall, layout_loops_cross, serial_shops, shop, nicolae_elf_m_pinch,
          minmay_elf_demonology, uniq_mara
Vaults:1: hangedman_vaults_stream, v_misc_12, ontoclasm_vaults_twist, v_misc_12,
          hangedman_vaults_impose, ontoclasm_vaults_decontamination,
          hangedman_vaults_locks, nicolae_vaults_little_squares_5,
          ontoclasm_vaults_chip, vaults_mumra_minichess_inversion,
          nicolae_vaults_little_squares_3, hangedman_vaults_corner_blocks,
          ontoclasm_vaults_gateway, layout_vaults_big_room, serial_shops, shop
Vaults:2: v_misc_31, ontoclasm_vaults_misaligned, vaults_mumra_chevron,
          nicolae_vaults_back_hallway, vaults_room_pool, nicolae_vaults_meeting,
          layout_vaults_omnigrid, uniq_xtahua, uniq_jory
Vaults:3: hangedman_vaults_nodes, vaults_room_door_hall,
          nicolae_vaults_stairing_the_circle, minmay_crypt_entry_simple_statues,
          nicolae_vaults_inception_statues, grunt_vaults_trifunnel,
          vaults_room_large_hall, nicolae_vaults_windows_and_doors_thing,
          nicolae_vaults_ninety_degrees, st_eye, layout_vaults_maze_bifur,
          serial_shops, bzr_entry_road, shop, shop
Vaults:4: nicolae_vaults_little_squares_2, vaults_dpeg_cross, v_rooms_6,
          hangedman_vaults_restitches, nicolae_vaults_ring_of_whatevers,
          ontoclasm_vaults_hangar, ontoclasm_vaults_loading_screen,
          grunt_vaults_focal, ontoclasm_vaults_ring_square, v_misc_14,
          v_alt_pattern_1, nicolae_vaults_alarming, ontoclasm_vaults_chip,
          layout_vaults_omnicross, serial_shops, nicolae_diamond_shop,
          nicolae_lakefront_shop, shop, nicolae_shop_behind_doors
Vaults:5: serial_shops
Crypt:1:  layout_rooms, grunt_crypt_arrival_webbed, grunt_megastairs_3,
          uniq_saint_roka
Crypt:2:  layout_misc_corridors, serial_sigils_hangedman_gut
Crypt:3:  lightli_unholy_cathedral, layout_chaotic_city, lemuel_hellish_altar
Depths:1: minmay_expanding_circles, layout_long_grid, enter_ziggurat_b,
          nicolae_figureground_sparkle, hell_entry, gammafunk_ghost_grave,
          evilmike_ambush [evilmike_ambush_outer_basic,
          evilmike_ambush_inner_basic], serial_bayou_shore_b, minmay_shop_star
Depths:2: minmay_guarded_unrand_guard, layout_basic, hell_entry, pan_entry,
          ebering_ghost_disaster_area, nemelex_lonely_heart_becter, tgw_xom
Depths:3: minmay_split_circle, layout_gridlike, abyss_entry,
          ebering_ghost_reflecting_pool, hell_entry, minmay_protected_statue
Depths:4: evilmike_zot_entry_gauntlet, layout_cave_pools, hell_entry,
          nicolae_sextant
Hell
Dis:1:    layout_gridville
Dis:2:    layout_subdivisions
Geh:1:    layout_gehenna_lava_caves, hangedman_elemental_grid_stream
Geh:2:    nicolae_geh_erupted_tower, layout_gehenna_pools_basic
Geh:3:    layout_gehenna_lava_caves
Geh:4:    layout_gehenna_pools_basic
Geh:5:    layout_gehenna_lava_caves
Geh:6:    layout_gehenna_lava_caves
Coc:1:    layout_ice_bergs
Coc:2:    layout_cocytus_water_paths
Coc:3:    layout_cocytus_delve

Skill      XL: |  1  2  3  4  5  6  7  8  9 10 11 12 13 14 15 16 17 18 19 20 21 22 23 24 25 |
---------------+----------------------------------------------------------------------------+-----
Ranged Weapons | 5 7 8 10 12 14 17 18 20 22 24 25 26 27 | 27.0
Dodging        | 9 15 16 17 18 20 22 23 24 25 26 27 | 27.0
Armour         | 3 6 |  6.9
Fighting       | 3 5 6 8 10 11 13 14 15 16 18 | 18.2
Shields        | 4 9 10 11 12 13 14 15 17 | 17.1
Stealth        | 2 6 10 14 17 21 24 | 24.7

Action                     |  1- 3 |  4- 6 |  7- 9 | 10-12 | 13-15 | 16-18 | 19-21 | 22-24 | 25-27 || total
---------------------------+-------+-------+-------+-------+-------+-------+-------+-------+-------++-------
   Fire: Shortbow          |    97 |     6 |       |       |       |       |       |       |       ||   103
         Arbalest          |       |    57 |   287 |   522 |       |       |       |       |       ||   866
         Hand crossbow     |       |       |       |    75 |   844 |   921 |  1375 |  1720 |   762 ||  5697
    Use: Scroll            |     2 |     1 |     8 |    12 |    12 |     4 |     3 |     2 |       ||    44
         Potion            |       |       |       |     1 |       |       |       |     1 |       ||     2
 Armour: Robe              |     3 |       |    14 |       |       |       |       |       |       ||    17
         Steam dragon scal |       |       |     8 |    22 |    34 |    12 |    21 |    31 |    10 ||   138
  Dodge: Dodged            |    13 |    19 |    92 |   236 |   253 |   348 |   718 |  1454 |   352 ||  3485
  Block: Buckler           |       |       |       |       |   103 |   161 |   296 |   581 |   160 ||  1301

Table legend: (Time is in decaauts)
 A = Elapsed time spent in this place.
 B = Non-inter-level travel time spent in this place.
 C = Inter-level travel time spent in this place.
 D = Time resting spent in this place.
 E = Time spent auto-exploring this place.
 F = Levels seen in this place.
 G = Mean time per level.
                   A        B        C        D        E       F      G
               +--------+--------+--------+--------+--------+-----+--------+
         Total |  36189 |  33393 |   2796 |      3 |  23226 |  60 |  603.2 |
       Dungeon |   9010 |   8104 |    906 |      0 |   6256 |  15 |  600.7 |
          Lair |   3494 |   3149 |    345 |      0 |   2264 |   5 |  698.8 |
        Shoals |   2234 |   2165 |     69 |      0 |   1490 |   4 |  558.5 |
     Snake Pit |   2382 |   2224 |    158 |      0 |   1522 |   4 |  595.5 |
  Orcish Mines |   1119 |   1070 |     49 |      0 |    764 |   2 |  559.5 |
   Elven Halls |   2533 |   2397 |    136 |      0 |   1575 |   3 |  844.3 |
        Vaults |   5250 |   4881 |    369 |      0 |   3216 |   5 | 1050.0 |
         Crypt |   2013 |   1934 |     79 |      0 |   1266 |   3 |  671.0 |
        Depths |   3766 |   3569 |    197 |      0 |   2383 |   4 |  941.5 |
          Hell |   1354 |   1266 |     88 |      0 |    809 |   1 | 1354.0 |
           Dis |    192 |    186 |      6 |      0 |    100 |   2 |   96.0 |
       Gehenna |   1486 |   1175 |    311 |      3 |    719 |   6 |  247.7 |
       Cocytus |    556 |    480 |     76 |      0 |    314 |   3 |  185.3 |
        Bazaar |     15 |     15 |      0 |      0 |     10 |   1 |   15.0 |
         Sewer |    517 |    517 |      0 |      0 |    392 |   1 |  517.0 |
        Bailey |    259 |    259 |      0 |      0 |    138 |   1 |  259.0 |
               +--------+--------+--------+--------+--------+-----+--------+

Top non-repeatable levels by time:
Depths:1: 1593 daAuts
Vaults:5: 1408 daAuts
    Hell: 1354 daAuts
Vaults:2: 1100 daAuts
Vaults:4: 1026 daAuts
Vaults:3: 970 daAuts
  Lair:5: 966 daAuts
   Elf:2: 920 daAuts
     D:3: 897 daAuts
Depths:3: 839 daAuts
   Orc:2: 823 daAuts
  Lair:4: 818 daAuts
    D:15: 813 daAuts
   Elf:1: 807 daAuts
   Elf:3: 805 daAuts
